 Dungeon Crawl Stone Soup version 0.21.1-1-g345015fe64 (webtiles) character file.

156 NullDivider the Sneak (level 5, -3/36 HPs)
             Began as an Octopode Assassin on May 5, 2018.
             Slain by Grinder (4 damage)
             ... on level 3 of the Dungeon.
             The game lasted 00:07:26 (2763 turns).

NullDivider the Sneak (Octopode Assassin)           Turns: 2763, Time: 00:07:28

Health: -3/36      AC:  1    Str: 10    XL:     5   Next: 38%
Magic:  5/5        EV: 14    Int: 13    God:
Gold:   75         SH:  0    Dex: 15    Spells: 4/4 levels left

rFire    . . .     SeeInvis .   s - +0 dagger (venom)
rCold    . . .     Gourm    .   (no shield)
rNeg     . . .     Faith    .   (helmet restricted)
rPois    .         Spirit   .   (no amulet)
rElec    .         Reflect  .   (no ring)
rCorr    .         Harm     .   (no ring)
MR       .....                  (no ring)
Stlth    ++++......             (no ring)
HPRegen  0.12/turn              (no ring)
MPRegen  0.09/turn              (no ring)
                                (no ring)
                                (no ring)

@: no status effects
A: almost no armour, stealthy swim, amphibious, 8 rings, constrict 8, camouflage
1, gelatinous body 1
a: no special abilities


You were on level 3 of the Dungeon.
You were not hungry.

You visited 1 branch of the dungeon, and saw 3 of its levels.

You collected 75 gold pieces.

Inventory:

Hand Weapons
 a - a +2 dagger
 b - a +0 blowgun
 q - a +2 falchion of distortion
 s - a +0 dagger of venom (weapon)
Missiles
 c - 29 poisoned needles
 d - 6 curare-tipped needles
Jewellery
 m - an uncursed amulet of harm {unknown}
Scrolls
 e - a scroll of fog {unknown}
 g - a scroll of blinking {unknown}
 j - 3 scrolls of identify {unknown}
 l - 3 scrolls of remove curse {unknown}
 o - 2 scrolls of teleportation {unknown}
 p - a scroll of enchant weapon {unknown}
 r - a scroll of amnesia {unknown}
Potions
 h - 2 potions of heal wounds {unknown}
 i - a potion of degeneration {unknown}
 k - 2 potions of curing {unknown}
Comestibles
 f - 6 rations


   Skills:
 * Level 3.3 Fighting
 * Level 3.0 Short Blades
 + Level 2.4 Throwing
 * Level 2.5 Dodging
 + Level 5.9 Stealth


You had 4 spell levels left.
You didn't know any spells.

Dungeon Overview and Level Annotations

Branches:
Dungeon (3/15)

Altars:

Annotations:
D:3 Grinder


Innate Abilities, Weirdness & Mutations

You cannot wear most types of armour.
You are very stealthy in the water. (Stealth+)
You are amphibious.
You can wear up to eight rings at the same time.
You can use your tentacles to constrict eight enemies at once.
Your skin changes colour to match your surroundings (Stealth+).
Your rubbery body absorbs attacks. (AC +1, EV +1)


Message History

Grinder hits you.
You writhe in agony.
Grinder hits you!
You writhe in agony.
Grinder gestures at you.
You shrug off the repeated paralysis!
A kobold comes into view. It is wielding a dagger.
Grinder gestures at you.
You shrug off the repeated paralysis!
Grinder hits you.
You writhe in agony.
Grinder barely misses you.
You can move again.
You hit Grinder. You grab Grinder.
Grinder is lightly wounded.
You constrict Grinder. You hit Grinder.
Grinder is lightly wounded.
You constrict Grinder, but do no damage.
Grinder hits you!
* * * LOW HITPOINT WARNING * * *
You writhe in agony.
You die...

...S #.# .###
#(...#
....###'####....
#....#
..g.............
##'###
................
#.#
..............g.
#.###
................
#.)..
....###'#####...
#....
#......######
#....
#.###..5@...#
#.#.. #.#####.#
#.#.# #. #.# #.#.#
#. #.# ..#.# #.
##.#### ..#.# #.
#...))# #.. #.
###..##)# ###
#.....#.#
#.#...#.##########


You could see Grinder.

Vanquished Creatures
  An orc wizard (D:3)
  3 adders
  2 dart slugs
  A leopard gecko (D:1)
  10 orcs (D:3)
  4 giant cockroaches
  8 goblins
  2 hobgoblins
  18 jackals
  A ball python (D:1)
  8 bats
  3 frilled lizards
  10 kobolds
  10 rats
81 creatures vanquished.

Notes
Turn   | Place    | Note
-------+----------+-------------------------------------------
     0 | D:1      | NullDivider the Octopode Assassin began the quest for the Orb.
     0 | D:1      | Reached XP level 1. HP: 14/14 MP: 1/1
   181 | D:1      | Reached XP level 2. HP: 19/19 MP: 2/2
   558 | D:1      | Reached XP level 3. HP: 25/25 MP: 3/3
  1320 | D:2      | Reached XP level 4. HP: 30/30 MP: 4/4
  2397 | D:3      | Reached XP level 5. HP: 36/36 MP: 5/5
  2741 | D:3      | Noticed Grinder
  2754 | D:3      | Paralysed by Grinder for 7 turns
  2763 | D:3      | HP: 1/36 [Grinder (10)]
  2763 | D:3      | Slain by Grinder

Skill      XL: |  1  2  3  4  5 |
---------------+----------------+-----
Dodging        | 2 |  2.5
Fighting       | 3 |  3.3
Short Blades   | 3 |  3.0
Throwing       | |  2.4
Stealth        | |  5.9

Action                   |  1- 3 |  4- 6 || total
-------------------------+-------+-------++-------
Melee: Dagger            |    82 |    76 ||   158
       Constrict         |    24 |    26 ||    50
       Tentacles         |    12 |    17 ||    29
 Stab: Sleeping          |     8 |     5 ||    13
       Distracted        |     1 |       ||     1
  Eat: Chunk             |     1 |     5 ||     6
Armor: Skin              |    19 |     3 ||    22
Dodge: Dodged            |    87 |    41 ||   128
